 Dungeon Crawl Stone Soup version 0.31-a0-931-g7b59d4eb97 (webtiles) character file.

Game seed: 8028115998600128840

165 Maratek the Covered (level 5, -3/47 HPs)
             Began as a Minotaur Fighter on Oct 19, 2023.
             Slain by a gnoll
             ... wielding a +0 halberd
              (5 damage)
             ... on level 2 of the Dungeon.
             The game lasted 00:01:10 (468 turns).

Maratek the Covered (Minotaur Fighter)               Turns: 468, Time: 00:01:10

Health: -3/47      AC:  7    Str: 22    XL:     5   Next: 22%
Magic:  0/4        EV:  9    Int:  5    God:
Gold:   90         SH:  4    Dex: 10    Spells: 4/4 levels left

rFire   . . .        a - +0 war axe
rCold   . . .        c - +0 buckler
rNeg    . . .        b - +0 scale mail
rPois   .            (helmet restricted)
rElec   .            (no cloak)
rCorr   .            (no gloves)
SInv    .            (no boots)
Will    .....        i - amulet of guardian spirit Stlth
                     (no ring)
HPRegen 0.27/turn    (no ring)
MPRegen 0.09/turn

%: guardian spirit
@: mighty
A: horns 2, retaliatory headbutt
a: no special abilities


You were on level 2 of the Dungeon.
You visited 1 branch of the dungeon, and saw 2 of its levels.

You collected 90 gold pieces.

Inventory:

Hand Weapons
 a - a +0 war axe (weapon)
Armour
 b - a +0 scale mail (worn)
 c - a +0 buckler (worn)
Jewellery
 i - an amulet of guardian spirit (around neck)
Scrolls
 e - 2 scrolls of fog {unknown}
 g - a scroll of summoning {unknown}
 j - a scroll of noise {unknown}
 m - a scroll of enchant armour {unknown}
 n - 3 scrolls of fear {unknown}
Potions
 f - a potion of degeneration {unknown}
 h - a potion of cancellation {unknown}
 k - 2 potions of curing {unknown}
 l - a potion of heal wounds {unknown}


   Skills:
 + Level 4.6 Fighting
 + Level 3.5 Axes
 + Level 5.2 Armour
 + Level 0.1 Dodging
 + Level 4.5 Shields


You had 4 spell levels left.
You didn't know any spells.
Your spell library was empty.

Dungeon Overview and Level Annotations

Branches:
Dungeon (2/15)

Altars:

Shops:
D:1 :

Annotations:
D:2 Robin


Innate Abilities, Weirdness & Mutations

You have a pair of horns on your head.
You reflexively headbutt those who attack you in melee.


Message History

You barely miss the gnoll.
The gnoll is almost dead.
You closely miss the goblin. The gnoll completely misses you.
The gnoll hits you from afar with a +0 halberd.
The goblin hits you with a +0 club.
The gnoll hits you from afar with a +0 spear.
You block the gnoll's attack. x2; The goblin hits you but does no damage.
The gnoll hits you from afar with a +0 spear.
You feel very mighty all of a sudden. The gnoll hits you with a +0 club.
You block the gnoll's attack. Robin throws the goblin at you!
The goblin hits you with a +0 club.
* * * LOW HITPOINT WARNING * * *
The goblin hits you with a +0 club.
* * * LOW HITPOINT WARNING * * *
The gnoll hits you from afar with a +0 spear.
* * * LOW HITPOINT WARNING * * *
You are too injured to fight recklessly!
You are too injured to fight recklessly!
You are too injured to fight recklessly!
You are too injured to fight recklessly!
You are too injured to fight recklessly!
You closely miss the goblin. You barely miss the gnoll. You slash the goblin!
You kill the goblin!
You closely miss the hobgoblin. The gnoll barely misses you.
The gnoll hits you from afar with a +0 halberd!
* * * LOW HITPOINT WARNING * * *
Robin throws the goblin at you!
* * * LOW HITPOINT WARNING * * *
The hobgoblin hits you but does no damage.
You block the gnoll's attack. The goblin closely misses you.
You barely miss the goblin. You headbutt the goblin.
You kill the goblin!
You slash the gnoll!
You kill the gnoll!
You slash the goblin!
You kill the goblin!
You slash the hobgoblin!
You kill the hobgoblin!
The gnoll hits you from afar with a +0 halberd.
You die...

#.........###
+............
#........# #
#....)...# .#
#........# ..+
#........# ##...#
######...###....##
#..g.))......
#...#@####.#
#...#)# #...gg#
###.ggg......
#...g......
#..........
.......g...
........g...
......g..J...


You could see Robin, 3 gnolls and 3 goblins.

Vanquished Creatures
  Sigmund (D:2)
  A gnoll (D:2)
  A ball python (D:1)
  2 bats (D:1)
  2 endoplasms (D:1)
  A giant cockroach (D:1)
  5 goblins
  3 hobgoblins
  2 frilled lizards (D:1)
  A kobold (D:1)
  A rat (D:1)
20 creatures vanquished.

Notes
Turn   | Place    | Note
-------+----------+-------------------------------------------
     0 | D:1      | Maratek the Minotaur Fighter began the quest for the Orb.
     0 | D:1      | Reached XP level 1. HP: 19/19 MP: 0/0
   104 | D:1      | Reached XP level 2. HP: 27/27 MP: 1/1
   213 | D:1      | Reached skill level 4 in Armour
   309 | D:1      | Found Xaihikyph's Book Shop.
   413 | D:2      | Noticed Sigmund
   419 | D:2      | Killed Sigmund
   420 | D:2      | Reached skill level 5 in Armour
   420 | D:2      | Reached XP level 3. HP: 27/34 MP: 2/2
   420 | D:2      | Reached XP level 4. HP: 33/41 MP: 3/3
   420 | D:2      | Reached XP level 5. HP: 38/47 MP: 4/4
   458 | D:2      | Noticed Robin
   467 | D:2      | HP: 2/47 [Robin/goblin (1)]
   468 | D:2      | Slain by a gnoll

Illustrated notes

Levels and vault maps discovered:
D:1:      amcnicky_arrival_gap_in_the_tavern_cellar, layout_rooms, serial_shops,
          shop
D:2:      layout_basic, uniq_sigmund, uniq_robin

Skill      XL: |  1  2 |
---------------+-------+-----
Armour         | 5 |  5.2
Fighting       | 4 |  4.6
Axes           | 3 |  3.5
Shields        | 4 |  4.5
Dodging        | |  0.1

Action                     |  1- 3 |  4- 6 || total
---------------------------+-------+-------++-------
  Melee: War axe           |    23 |     6 ||    29
         Headbutt          |     1 |     2 ||     3
    Use: Potion            |       |     1 ||     1
   Stab: Distracted        |       |     1 ||     1
 Armour: Scale mail        |    12 |    21 ||    33
  Dodge: Dodged            |    10 |     5 ||    15
  Block: Buckler           |     6 |     6 ||    12

Table legend: (Time is in decaauts)
 A = Elapsed time spent in this place.
 B = Non-inter-level travel time spent in this place.
 C = Inter-level travel time spent in this place.
 D = Time resting spent in this place.
 E = Time spent auto-exploring this place.
 F = Levels seen in this place.
 G = Mean time per level.
                   A        B        C        D        E       F      G
               +--------+--------+--------+--------+--------+-----+--------+
         Total |    478 |    465 |     13 |      0 |    356 |   2 |  239.0 |
       Dungeon |    478 |    465 |     13 |      0 |    356 |   2 |  239.0 |
               +--------+--------+--------+--------+--------+-----+--------+

Top non-repeatable levels by time:
     D:1: 420 daAuts
     D:2: 58 daAuts
